General information
- name: BNet
- type: Ladder team game (AT/RT)
- host: Battle.net
- saver: KuK1uxKlan
map: FullScaleAssault
- players: 8
- length: 157:39
- speed: Fast
- version: 1.26 W3XP
- replay type: Public
» download(485 KB)
Players
team 1 (winner)
KBilly (
yellow | 27 APM | 4206 actions | 157:37)
9 Blademaster
3 Wind Walk
3 Critical Strike
1 Bladestorm
2 Mirror Image
6 Shadow Hunter
3 Healing Wave
1 Hex
1 Serpent Ward
1 Big Bad Voodoo
6 Tauren Chieftain
3 Endurance Aura
2 Shockwave
1 Reincarnation
» actions
| Assign group hotkey | 85 | |
| Basic commands | 270 | |
| Build / train | 143 | |
| ESC pressed | 1 | |
| Enter build submenu | 64 | |
| Enter hero's abilities submenu | 23 | |
| Give item / drop item | 5 | |
| Remove unit from queue | 2 | |
| Right click | 1065 | |
| Select / deselect | 989 | |
| Select group hotkey | 1163 | |
| Use ability | 396 | |
4206 total
» units
| Peon | 22 | |
| Grunt | 8 | |
| Spirit Walker | 5 | |
| Raider | 13 | |
| Goblin Zeppelin | 4 | |
| Goblin Shredder | 1 | |
| Kodo Beast | 3 | |
| Troll Witch Doctor | 10 | |
| Troll Headhunter/Berserker | 2 | |
| Demolisher | 3 | |
| Troll Batrider | 4 | |
75 total
» upgrades
| Ensnare | 1 | |
| Armor | 3 | |
| Melee Weapons | 3 | |
| Spiked Barricades | 3 | |
| Witch Doctor Training | 2 | |
| Reinforced Defenses | 1 | |
| Berserker Strength | 1 | |
| War Drums Damage Increase | 1 | |
| Spirit Walker Training | 1 | |
| Berserker Upgrade | 1 | |
| Burning Oil | 1 | |
| Ranged Weapons | 2 | |
| Pillage | 1 | |
21 total
» buildings
| Altar of Storms | 1 | |
| Orc Burrow | 12 | |
| Barracks | 2 | |
| Voodoo Lounge | 5 | |
| Stronghold | 2 | |
| War Mill | 2 | |
| Beastiary | 2 | |
| Spirit Lodge | 2 | |
| Watch Tower | 30 | |
| Great Hall | 6 | |
| Fortress | 1 | |
65 total
» build order
00:16 Altar of Storms
00:22 Orc Burrow
00:50 Barracks
01:09 Voodoo Lounge
02:11 Orc Burrow
02:55 Stronghold
04:29 Orc Burrow
04:37 War Mill
05:55 Beastiary
05:59 Spirit Lodge
06:16 Watch Tower
07:17 Great Hall
08:27 Orc Burrow
09:04 Orc Burrow
10:42 Great Hall
10:47 Great Hall
12:01 Fortress
12:15 Orc Burrow
12:50 Watch Tower
14:11 Voodoo Lounge
14:14 Orc Burrow
14:17 Voodoo Lounge
14:31 Watch Tower
14:34 Orc Burrow
14:39 Watch Tower
17:42 Watch Tower
22:30 Watch Tower
22:58 Watch Tower
24:17 Watch Tower
24:31 Watch Tower
24:54 Watch Tower
24:59 Watch Tower
25:20 Watch Tower
26:42 Watch Tower
26:44 Watch Tower
27:53 Voodoo Lounge
29:50 Watch Tower
29:54 Watch Tower
30:03 Orc Burrow
30:16 Great Hall
30:19 Watch Tower
30:20 Watch Tower
30:20 Watch Tower
30:21 Watch Tower
30:25 Watch Tower
30:26 Watch Tower
30:26 Watch Tower
30:27 Watch Tower
31:48 Great Hall
32:00 Watch Tower
32:02 Watch Tower
32:30 Orc Burrow
32:32 Voodoo Lounge
32:35 Watch Tower
32:41 Watch Tower
32:44 Watch Tower
33:02 Watch Tower
73:07 Great Hall
76:51 Stronghold
79:22 Beastiary
79:32 Orc Burrow
87:13 Barracks
87:18 Orc Burrow
88:26 War Mill
88:36 Spirit Lodge
» items
| Healing Salve | 1 | |
| Boots of Speed | 1 | |
| Staff of Teleportation | 1 | |
| Lesser Clarity Potion | 4 | |
| Scroll of Town Portal | 6 | |
| Scroll of Speed | 2 | |
| Orb of Lightning | 2 | |
| Potion of Healing | 1 | |
18 total
theworstnewb (
purple | 34 APM | 1264 actions | 37:10)
5 Keeper of the Grove
3 Entangling Roots
1 Thorns Aura
1 Force of Nature
2 Priestess of the Moon
1 Trueshot Aura
1 Searing Arrows
» actions
| Assign group hotkey | 11 | |
| Basic commands | 24 | |
| Build / train | 87 | |
| ESC pressed | 9 | |
| Enter build submenu | 35 | |
| Enter hero's abilities submenu | 7 | |
| Right click | 479 | |
| Select / deselect | 459 | |
| Select group hotkey | 45 | |
| Use ability | 108 | |
1264 total
» units
| Wisp | 36 | |
| Archer | 8 | |
| Goblin Shredder | 1 | |
| Makrura Deepseer | 1 | |
| Mur'gul Snarecaster | 1 | |
| Makrura Snapper | 1 | |
| Druid of the Talon | 4 | |
| Dryad | 4 | |
| Huntress | 2 | |
| Druid of the Claw | 7 | |
65 total
» upgrades
| Ultravision | 1 | |
| Abolish Magic | 1 | |
| Druid of the Talon Training | 2 | |
| Druid of the Claw Training | 2 | |
| Strength of the Wild | 2 | |
| Mark of the Claw | 1 | |
9 total
» buildings
| Altar of Elders | 1 | |
| Moon Well | 10 | |
| Ancient of War | 2 | |
| Tree of Ages | 1 | |
| Tree of Life | 6 | |
| Hunter's Hall | 1 | |
| Ancient of Lore | 5 | |
| Ancient of Wind | 2 | |
| Ancient Protector | 3 | |
| Tree of Eternity | 1 | |
32 total
» build order
00:07 Altar of Elders
00:10 Moon Well
01:03 Ancient of War
01:42 Moon Well
01:58 Ancient of War
02:40 Moon Well
03:35 Moon Well
05:20 Moon Well
06:25 Tree of Ages
07:36 Tree of Life
07:44 Hunter's Hall
09:26 Ancient of Lore
09:33 Ancient of Lore
09:35 Ancient of Lore
09:37 Ancient of Wind
09:41 Ancient of Wind
09:45 Ancient Protector
09:49 Tree of Eternity
13:04 Moon Well
13:06 Moon Well
14:08 Moon Well
14:09 Moon Well
15:04 Moon Well
17:12 Ancient of Lore
17:13 Ancient of Lore
17:43 Tree of Life
18:53 Tree of Life
22:50 Tree of Life
22:55 Ancient Protector
26:05 Ancient Protector
26:17 Tree of Life
32:55 Tree of Life
» items
KuK1uxKlan (
red | 20 APM | 3133 actions | 157:39)
10 Archmage
3 Summon Water Elemental
3 Brilliance Aura
1 Mass Teleport
3 Blizzard
» actions
| Assign group hotkey | 44 | |
| Basic commands | 306 | |
| Build / train | 145 | |
| Enter build submenu | 78 | |
| Enter hero's abilities submenu | 10 | |
| Give item / drop item | 9 | |
| Remove unit from queue | 1 | |
| Right click | 1047 | |
| Select / deselect | 769 | |
| Select group hotkey | 436 | |
| Use ability | 288 | |
3133 total
» units
| Peasant | 17 | |
| Footman | 5 | |
| Goblin Zeppelin | 5 | |
| Goblin Shredder | 3 | |
| Gryphon Rider | 8 | |
| Goblin Sapper | 26 | |
| Blue Dragon | 11 | |
75 total
» upgrades
| Masonry | 3 | |
| Storm Hammers | 1 | |
| Swords | 3 | |
| Armor | 3 | |
| Animal War Training | 1 | |
| Cloud | 1 | |
| Gunpowder | 3 | |
| Plating | 3 | |
18 total
» buildings
| Altar of Kings | 1 | |
| Barracks | 1 | |
| Farm | 17 | |
| Scout Tower | 57 | |
| Arcane Tower | 1 | |
| Arcane Vault | 1 | |
| Town Hall | 8 | |
| Keep | 1 | |
| Lumber Mill | 1 | |
| Castle | 1 | |
| Guard Tower | 12 | |
| Gryphon Aviary | 4 | |
| Blacksmith | 2 | |
107 total
» build order
00:35 Altar of Kings
00:37 Barracks
00:51 Farm
00:52 Farm
01:05 Farm
01:36 Farm
02:06 Scout Tower
03:03 Arcane Tower
03:11 Arcane Vault
04:22 Town Hall
04:32 Keep
05:49 Lumber Mill
09:09 Castle
09:24 Town Hall
09:28 Scout Tower
09:28 Scout Tower
09:29 Scout Tower
09:29 Scout Tower
09:30 Scout Tower
09:32 Scout Tower
09:33 Scout Tower
09:33 Scout Tower
09:34 Scout Tower
09:35 Scout Tower
09:35 Scout Tower
09:36 Scout Tower
09:37 Scout Tower
10:07 Guard Tower
10:34 Guard Tower
11:09 Guard Tower
11:32 Gryphon Aviary
11:37 Gryphon Aviary
11:37 Gryphon Aviary
13:44 Blacksmith
13:45 Blacksmith
14:21 Scout Tower
14:22 Scout Tower
14:22 Scout Tower
14:23 Scout Tower
14:24 Scout Tower
14:25 Scout Tower
14:25 Scout Tower
14:28 Scout Tower
16:27 Guard Tower
18:12 Scout Tower
18:13 Scout Tower
18:13 Scout Tower
18:14 Scout Tower
18:15 Scout Tower
18:18 Scout Tower
18:20 Scout Tower
18:46 Guard Tower
19:07 Guard Tower
19:16 Scout Tower
19:17 Scout Tower
19:17 Scout Tower
19:20 Scout Tower
19:21 Scout Tower
19:27 Scout Tower
19:28 Scout Tower
19:50 Guard Tower
19:52 Guard Tower
22:52 Guard Tower
26:01 Scout Tower
26:02 Scout Tower
26:03 Scout Tower
26:04 Scout Tower
26:04 Scout Tower
26:04 Scout Tower
26:10 Scout Tower
26:10 Scout Tower
26:11 Scout Tower
26:12 Scout Tower
26:42 Guard Tower
26:56 Farm
26:58 Farm
26:58 Farm
27:03 Farm
27:05 Farm
27:07 Farm
27:51 Guard Tower
28:58 Town Hall
31:36 Town Hall
31:49 Town Hall
32:54 Town Hall
33:03 Scout Tower
33:04 Scout Tower
33:06 Scout Tower
33:08 Scout Tower
33:10 Scout Tower
33:10 Scout Tower
33:11 Scout Tower
33:11 Scout Tower
35:59 Guard Tower
45:29 Town Hall
51:26 Town Hall
95:09 Farm
95:12 Farm
95:15 Farm
96:04 Farm
96:08 Farm
116:32 Farm
116:33 Farm
» items
| Scroll of Regeneration | 8 | |
| Mechanical Critter | 2 | |
| Potion of Healing | 3 | |
| Scroll of Town Portal | 7 | |
| Orb of Corruption | 1 | |
| Staff of Sanctuary | 1 | |
| Periapt of Vitality | 1 | |
| Potion of Lesser Invulnerability | 1 | |
| Staff of Teleportation | 1 | |
25 total
afker_tker_bser (
green | 11 APM | 1675 actions | 157:37)
6 Death Knight
3 Death Coil
3 Unholy Aura
5 Lich
3 Frost Nova
2 Frost Armor
» actions
| Assign group hotkey | 17 | |
| Basic commands | 43 | |
| Build / train | 96 | |
| ESC pressed | 3 | |
| Enter build submenu | 34 | |
| Enter hero's abilities submenu | 11 | |
| Give item / drop item | 9 | |
| Right click | 610 | |
| Select / deselect | 478 | |
| Select group hotkey | 276 | |
| Use ability | 98 | |
1675 total
» units
| Acolyte | 10 | |
| Ghoul | 23 | |
| Gargoyle | 16 | |
| Blue Dragon | 2 | |
| Frost Wyrm | 9 | |
| Goblin Zeppelin | 2 | |
| Blue Drake | 1 | |
63 total
» upgrades
| Creature Attack | 4 | |
| Creature Carapace | 3 | |
| Stone Form | 1 | |
| Freezing Breath | 1 | |
9 total
» buildings
| Graveyard | 1 | |
| Crypt | 7 | |
| Ziggurat | 12 | |
| Altar of Darkness | 1 | |
| Halls of the Dead | 1 | |
| Black Citadel | 1 | |
| Necropolis | 2 | |
| Tomb of Relics | 2 | |
| Sacrificial Pit | 1 | |
| Spirit Tower | 2 | |
| Boneyard | 7 | |
37 total
» build order
00:14 Graveyard
00:17 Crypt
00:38 Ziggurat
00:56 Ziggurat
01:24 Altar of Darkness
03:45 Ziggurat
04:48 Ziggurat
04:57 Ziggurat
04:58 Ziggurat
05:27 Halls of the Dead
08:42 Black Citadel
08:56 Ziggurat
08:57 Ziggurat
08:58 Ziggurat
09:01 Ziggurat
09:04 Necropolis
09:06 Tomb of Relics
09:58 Sacrificial Pit
10:03 Tomb of Relics
11:51 Crypt
11:52 Crypt
11:57 Crypt
11:59 Crypt
12:03 Crypt
12:04 Crypt
12:12 Spirit Tower
20:32 Boneyard
20:34 Boneyard
20:35 Boneyard
20:37 Boneyard
22:40 Boneyard
22:42 Boneyard
22:43 Boneyard
24:44 Necropolis
24:47 Ziggurat
24:48 Ziggurat
24:51 Spirit Tower
» items
| Scroll of Town Portal | 3 | |
| Potion of Lesser Invulnerability | 2 | |
| Scroll of Protection | 1 | |
| Scroll of Healing | 1 | |
7 total
team 2 (loser)
Psychosis (
blue | 39 APM | 955 actions | 24:43)
5 Blademaster
3 Wind Walk
2 Critical Strike
» actions
| Build / train | 70 | |
| Enter build submenu | 18 | |
| Enter hero's abilities submenu | 5 | |
| Right click | 559 | |
| Select / deselect | 230 | |
| Use ability | 72 | |
955 total
» units
| Peon | 11 | |
| Grunt | 5 | |
| Shaman | 17 | |
| Tauren | 10 | |
43 total
» upgrades
| Shaman Training | 2 | |
| Pulverize | 1 | |
| Melee Weapons | 2 | |
| Armor | 1 | |
| Reinforced Defenses | 1 | |
7 total
» buildings
| Altar of Storms | 1 | |
| Orc Burrow | 10 | |
| Barracks | 1 | |
| Voodoo Lounge | 1 | |
| Stronghold | 1 | |
| War Mill | 1 | |
| Spirit Lodge | 1 | |
| Fortress | 1 | |
| Tauren Totem | 2 | |
| Great Hall | 1 | |
20 total
» build order
00:09 Altar of Storms
00:18 Orc Burrow
00:55 Barracks
01:32 Orc Burrow
02:59 Voodoo Lounge
03:08 Stronghold
04:15 War Mill
05:24 Orc Burrow
05:31 Spirit Lodge
05:33 Fortress
06:27 Orc Burrow
08:56 Tauren Totem
09:01 Tauren Totem
11:20 Orc Burrow
11:24 Orc Burrow
16:36 Great Hall
21:04 Orc Burrow
21:07 Orc Burrow
21:09 Orc Burrow
21:13 Orc Burrow
» items
| Healing Salve | 2 | |
| Lesser Clarity Potion | 1 | |
| Scroll of Town Portal | 2 | |
| Orb of Lightning | 1 | |
6 total
loscetcselbnla (
pink | 149 APM | 2509 actions | 16:53)
4 Demon Hunter
2 Mana Burn
1 Immolation
1 Evasion
2 Priestess of the Moon
1 Searing Arrows
1 Trueshot Aura
» actions
| Assign group hotkey | 26 | |
| Basic commands | 2 | |
| Build / train | 89 | |
| ESC pressed | 14 | |
| Enter build submenu | 29 | |
| Enter hero's abilities submenu | 7 | |
| Give item / drop item | 1 | |
| Right click | 925 | |
| Select / deselect | 559 | |
| Select group hotkey | 771 | |
| Use ability | 86 | |
2509 total
» units
| Wisp | 29 | |
| Archer | 7 | |
| Huntress | 2 | |
| Goblin Zeppelin | 5 | |
| Goblin Shredder | 4 | |
47 total
» upgrades
| Strength of the Wild | 3 | |
| Strength of the Moon | 3 | |
| Moon Armor | 3 | |
| Reinforced Hides | 2 | |
| Abolish Magic | 1 | |
| Druid of the Claw Training | 2 | |
| Corrosive Breath | 1 | |
15 total
» buildings
| Altar of Elders | 1 | |
| Moon Well | 3 | |
| Ancient of War | 2 | |
| Ancient of Wonders | 1 | |
| Tree of Ages | 3 | |
| Hunter's Hall | 2 | |
| Tree of Life | 3 | |
| Ancient of Lore | 2 | |
| Tree of Eternity | 3 | |
| Ancient of Wind | 3 | |
| Chimaera Roost | 4 | |
27 total
» build order
00:03 Altar of Elders
00:04 Moon Well
01:03 Ancient of War
01:35 Moon Well
01:46 Ancient of Wonders
02:29 Ancient of War
03:24 Moon Well
03:57 Tree of Ages
04:19 Hunter's Hall
05:58 Hunter's Hall
07:17 Tree of Life
08:52 Ancient of Lore
08:54 Ancient of Lore
10:34 Tree of Life
12:18 Tree of Eternity
12:18 Tree of Eternity
12:21 Ancient of Wind
12:21 Ancient of Wind
14:12 Tree of Life
14:44 Chimaera Roost
15:04 Chimaera Roost
15:44 Ancient of Wind
16:36 Chimaera Roost
16:45 Chimaera Roost
» items
| Potion of Mana | 1 | |
| Dust of Appearance | 1 | |
| Scroll of Town Portal | 2 | |
4 total
GRANGER.LANGER (
orange | 36 APM | 5710 actions | 157:37)
10 Blademaster
3 Wind Walk
3 Critical Strike
1 Bladestorm
3 Mirror Image
2 Mountain King
1 Bash
1 Storm Bolt
1 Archmage
1 Summon Water Elemental
1 Demon Hunter
1 Mana Burn
1 Priestess of the Moon
1 Scout
» actions
| Assign group hotkey | 86 | |
| Basic commands | 10 | |
| Build / train | 136 | |
| Enter build submenu | 70 | |
| Enter hero's abilities submenu | 15 | |
| Give item / drop item | 10 | |
| Remove unit from queue | 1 | |
| Right click | 2591 | |
| Select / deselect | 753 | |
| Select group hotkey | 1568 | |
| Use ability | 470 | |
5710 total
» units
| Peon | 16 | |
| Grunt | 3 | |
| Goblin Zeppelin | 7 | |
| Goblin Shredder | 3 | |
| Wind Rider | 15 | |
| Troll Batrider | 18 | |
| Wisp | 16 | |
| Glaive Thrower | 4 | |
82 total
» upgrades
| Reinforced Defenses | 1 | |
| Envenomed Spears | 1 | |
| Ranged Weapons | 2 | |
| Armor | 2 | |
| Liquid Fire | 1 | |
| Vorpal Blades | 1 | |
8 total
» buildings
| Altar of Storms | 3 | |
| Orc Burrow | 15 | |
| Barracks | 1 | |
| Voodoo Lounge | 2 | |
| Stronghold | 2 | |
| War Mill | 3 | |
| Great Hall | 3 | |
| Fortress | 2 | |
| Beastiary | 4 | |
| Watch Tower | 65 | |
| Ancient Protector | 5 | |
| Altar of Elders | 1 | |
| Moon Well | 8 | |
| Ancient of War | 4 | |
| Tree of Life | 2 | |
| Hunter's Hall | 1 | |
| Tree of Ages | 2 | |
| Tree of Eternity | 1 | |
| Ancient of Wind | 1 | |
| Chimaera Roost | 5 | |
130 total
» build order
00:16 Altar of Storms
00:21 Orc Burrow
00:36 Barracks
01:26 Orc Burrow
01:57 Voodoo Lounge
02:54 Stronghold
03:38 War Mill
04:00 Orc Burrow
05:15 Great Hall
05:31 Fortress
05:31 Fortress
05:36 Orc Burrow
06:14 Beastiary
08:04 Watch Tower
08:20 Watch Tower
08:30 Watch Tower
10:18 Watch Tower
10:18 Watch Tower
10:18 Watch Tower
10:19 Watch Tower
10:19 Watch Tower
11:06 Great Hall
11:11 Watch Tower
11:11 Watch Tower
11:12 Watch Tower
11:22 Beastiary
12:12 Watch Tower
12:12 Watch Tower
12:13 Watch Tower
12:14 Watch Tower
12:14 Watch Tower
12:14 Watch Tower
12:25 Watch Tower
13:05 Watch Tower
13:05 Watch Tower
13:07 Watch Tower
13:07 Watch Tower
13:31 Watch Tower
14:10 Orc Burrow
15:42 Beastiary
16:52 Watch Tower
16:52 Watch Tower
16:53 Watch Tower
16:53 Watch Tower
16:55 Watch Tower
16:56 Watch Tower
17:31 Watch Tower
17:31 Watch Tower
17:31 Watch Tower
17:32 Watch Tower
17:32 Watch Tower
18:28 Orc Burrow
20:04 Watch Tower
20:04 Watch Tower
24:24 Voodoo Lounge
24:31 Stronghold
25:01 Watch Tower
25:02 Watch Tower
25:02 Watch Tower
25:03 Watch Tower
25:03 Watch Tower
25:04 Watch Tower
25:05 Watch Tower
25:06 Watch Tower
25:06 Watch Tower
25:07 Watch Tower
25:09 Watch Tower
25:10 Watch Tower
25:10 Watch Tower
25:12 Watch Tower
25:47 Ancient Protector
25:47 Ancient Protector
25:47 Ancient Protector
25:48 Ancient Protector
25:48 Ancient Protector
27:16 Watch Tower
27:17 Watch Tower
27:53 Watch Tower
27:54 Watch Tower
29:16 Watch Tower
29:19 Watch Tower
30:18 Watch Tower
30:19 Watch Tower
30:20 Watch Tower
30:20 Watch Tower
30:21 Watch Tower
31:17 Watch Tower
31:18 Watch Tower
32:20 Watch Tower
37:39 Orc Burrow
42:42 War Mill
43:07 Orc Burrow
43:09 Orc Burrow
43:11 Orc Burrow
43:16 War Mill
49:43 Beastiary
49:49 Orc Burrow
49:53 Orc Burrow
51:21 Orc Burrow
52:12 Altar of Storms
53:19 Altar of Elders
53:59 Moon Well
54:05 Moon Well
57:50 Ancient of War
58:11 Tree of Life
61:27 Moon Well
61:27 Moon Well
62:01 Hunter's Hall
62:03 Moon Well
62:08 Tree of Ages
64:15 Moon Well
64:37 Tree of Life
64:43 Ancient of War
66:17 Ancient of War
66:20 Ancient of War
76:05 Tree of Eternity
76:08 Ancient of Wind
76:53 Moon Well
76:54 Moon Well
78:28 Chimaera Roost
78:28 Chimaera Roost
78:31 Chimaera Roost
78:38 Chimaera Roost
78:38 Chimaera Roost
132:31 Altar of Storms
132:33 Orc Burrow
132:42 Orc Burrow
153:16 Great Hall
» items
| Healing Salve | 6 | |
| Staff of Teleportation | 2 | |
| Boots of Speed | 1 | |
| Orb of Lightning | 1 | |
| Scroll of Town Portal | 5 | |
| Potion of Mana | 1 | |
| Potion of Healing | 1 | |
| Potion of Lesser Invulnerability | 2 | |
| Lesser Clarity Potion | 1 | |
20 total
cainjohnson (
teal | 44 APM | 1079 actions | 24:31)
5 Archmage
1 Summon Water Elemental
1 Brilliance Aura
3 Blizzard
4 Blood Mage
2 Flame Strike
2 Siphon Mana
1 Mountain King
1 Storm Bolt
» actions
| Assign group hotkey | 31 | |
| Basic commands | 93 | |
| Build / train | 102 | |
| Enter build submenu | 36 | |
| Enter hero's abilities submenu | 10 | |
| Give item / drop item | 4 | |
| Right click | 180 | |
| Select / deselect | 218 | |
| Select group hotkey | 329 | |
| Use ability | 76 | |
1079 total
» units
| Peasant | 15 | |
| Footman | 7 | |
| Goblin Shredder | 1 | |
| Siege Engine | 7 | |
| Spell Breaker | 6 | |
| Chimaera | 9 | |
45 total
» upgrades
| Defend | 1 | |
| Masonry | 3 | |
| Lumber Harvesting | 1 | |
| Gunpowder | 3 | |
| Barrage | 1 | |
| Magic Sentry | 1 | |
| Control Magic | 1 | |
| Plating | 3 | |
| Fragmentation Shards | 1 | |
| Flak Cannons | 1 | |
| Flying Machine Bombs | 1 | |
| Swords | 2 | |
| Corrosive Breath | 1 | |
20 total
» buildings
| Altar of Kings | 1 | |
| Barracks | 1 | |
| Farm | 12 | |
| Town Hall | 1 | |
| Arcane Vault | 1 | |
| Scout Tower | 12 | |
| Lumber Mill | 1 | |
| Keep | 1 | |
| Blacksmith | 2 | |
| Guard Tower | 11 | |
| Castle | 1 | |
| Workshop | 3 | |
| Arcane Sanctum | 2 | |
49 total
» build order
00:11 Altar of Kings
00:22 Barracks
00:38 Farm
00:54 Farm
01:34 Farm
03:50 Town Hall
04:03 Arcane Vault
04:27 Scout Tower
04:34 Lumber Mill
05:50 Keep
05:55 Farm
06:22 Blacksmith
06:31 Scout Tower
06:34 Scout Tower
07:28 Guard Tower
08:03 Scout Tower
08:06 Scout Tower
08:15 Scout Tower
08:19 Scout Tower
08:26 Castle
08:28 Guard Tower
08:37 Workshop
08:44 Workshop
08:50 Arcane Sanctum
08:56 Arcane Sanctum
09:04 Workshop
09:13 Farm
09:15 Farm
09:15 Farm
09:17 Farm
09:21 Guard Tower
09:23 Guard Tower
09:25 Guard Tower
09:27 Guard Tower
09:55 Blacksmith
11:12 Scout Tower
11:15 Scout Tower
11:15 Scout Tower
12:17 Farm
12:18 Farm
12:24 Guard Tower
12:25 Guard Tower
12:33 Farm
12:35 Farm
13:25 Guard Tower
14:47 Scout Tower
14:48 Scout Tower
17:49 Guard Tower
17:51 Guard Tower
» items
| Scroll of Regeneration | 3 | |
| Lesser Clarity Potion | 1 | |
| Scroll of Town Portal | 3 | |
| Dust of Appearance | 1 | |
| Potion of Lesser Invulnerability | 1 | |
| Scroll of Protection | 2 | |
11 total
Chat log
(00:07 / All) afker_tker_bser: KKK
(00:10 / All) afker_tker_bser: HAIL HITLER
(00:19 / Allies) KuK1uxKlan: Seig heil, comrade!
(00:23 / All) afker_tker_bser: FUCK NIGGER AND JEWS
(00:50 / All) cainjohnson: hail squelch
(01:00 / All) KuK1uxKlan: nigger lover
(01:01 / All) KBilly: how do you squelch?
(02:02 / Allies) afker_tker_bser: are u gonna l33t creep purple?/
(02:07 / Allies) theworstnewb: YEP
(03:57 / Allies) KBilly: you know that's my natural, right?
(04:25 / Allies) afker_tker_bser: dont argue with SS plz
(04:28 / Allies) afker_tker_bser: strum staffle
(05:55 / Allies) KuK1uxKlan: grunt
(06:47 / Allies) afker_tker_bser: who got the shreeder
(06:51 / Allies) theworstnewb: me
(06:55 / Allies) afker_tker_bser: ok
(07:10 / Allies) afker_tker_bser: i cleared for u
(07:11 / Allies) afker_tker_bser: expand
(07:14 / All) afker_tker_bser: HAIL HITLER
(11:37 / Allies) theworstnewb: gold please
(12:29 / Allies) KBilly: meet and hit?
(12:49 / Allies) KuK1uxKlan: green
(12:54 / Allies) afker_tker_bser: u want?
(12:56 / Allies) KuK1uxKlan: yes
(13:10 / Allies) afker_tker_bser: HAIL
(14:16 / Allies) afker_tker_bser: gold pl
(14:40 / Allies) theworstnewb: hrp
(14:49 / Allies) theworstnewb: tp
(15:51 / Allies) afker_tker_bser: tanks
(16:38 / Allies) afker_tker_bser: kill tanks
(16:39 / Allies) afker_tker_bser: or else i cant do anything
(16:39 / Allies) theworstnewb: plan?
(16:45 / Allies) afker_tker_bser: me
(16:46 / Allies) theworstnewb: hit them up top
(16:49 / Allies) theworstnewb: need bears now
(16:50 / Allies) KBilly: don't worry
(16:53 / All) afker_tker_bser: OGM
(17:15 / Allies) afker_tker_bser: wood dude
(17:44 / Allies) afker_tker_bser: i will buy the big dragon
(17:49 / Allies) afker_tker_bser: more wood
(18:00 / Allies) theworstnewb: io need gold
(20:26 / Allies) theworstnewb: get together
(20:32 / Allies) theworstnewb: meet
(20:47 / Allies) afker_tker_bser: wooood
(21:24 / Allies) afker_tker_bser: capture
(21:50 / Allies) KuK1uxKlan: back dudes
(21:56 / Allies) KBilly: FIGHT!
(22:05 / Allies) KuK1uxKlan: don't let teal get level 6
(22:09 / Allies) KBilly: ok b
(22:28 / Allies) afker_tker_bser: woooooooood
(22:31 / Allies) afker_tker_bser: i need like 5000
(23:08 / Allies) theworstnewb: need gold
(24:03 / Allies) afker_tker_bser: red u let a comrade die
(24:09 / Allies) KuK1uxKlan: I got teal
(24:13 / Allies) KBilly: I got oj
(24:26 / Allies) afker_tker_bser: woooood
(24:29 / Allies) afker_tker_bser: i said i need 5000
(24:39 / All) GRANGER.LANGER: what a baby
(24:40 / Allies) KBilly: that's a lot to ask for
(24:43 / Allies) KBilly: I've given you 2k
(24:43 / All) GRANGER.LANGER: he tps to my island and leaves
(24:49 / All) KuK1uxKlan: A little thing I like to call the rope a dope!
(25:20 / Allies) theworstnewb: meet somewhere
(25:53 / Allies) afker_tker_bser: i bought a zeppline
(25:56 / Allies) afker_tker_bser: if u find him let me know
(26:47 / Allies) afker_tker_bser: where is my zeppin
(28:37 / Allies) KBilly: nice towers red
(28:41 / Allies) KuK1uxKlan: thanks
(29:00 / Allies) afker_tker_bser: those are called the bunkers of normandy
(29:38 / Allies) theworstnewb: need aa
(30:23 / Allies) theworstnewb: tell me when i need to TP
(31:13 / Allies) afker_tker_bser: gikd
(31:14 / Allies) theworstnewb: help
(31:15 / Allies) afker_tker_bser: gold
(31:26 / Allies) theworstnewb: nvm
(31:33 / Allies) afker_tker_bser: gold
(31:36 / Allies) afker_tker_bser: comrade
(31:44 / Allies) afker_tker_bser: i need to build my empire
(31:53 / Allies) KBilly: who killed my expo?
(32:01 / Allies) afker_tker_bser: comrade has 20k gold
(32:10 / Allies) KuK1uxKlan: probably orange
(32:14 / Allies) KuK1uxKlan: he's been hounding for them
(32:16 / Allies) afker_tker_bser: i think u are fake
(32:19 / Allies) afker_tker_bser: u are a jew
(32:22 / Allies) theworstnewb: give me gold red
(32:23 / Allies) theworstnewb: fuck
(32:38 / Allies) theworstnewb: mass aa
(32:40 / Allies) KuK1uxKlan: hang on about to go afk for a couple mins
(32:52 / Allies) afker_tker_bser: a jew
(33:14 / Allies) theworstnewb: coming to you green
(33:21 / Allies) afker_tker_bser: you go first
(34:20 / Allies) afker_tker_bser: aha
(34:24 / Allies) KBilly: red, please stop tking me
(34:35 / Allies) afker_tker_bser: i knew it
(34:36 / Allies) afker_tker_bser: hes a jew
(35:10 / Allies) KBilly: why red?
(35:23 / Allies) afker_tker_bser: he doesnt fight the same cause
(35:26 / Allies) afker_tker_bser: red isa jew
(35:38 / Allies) KuK1uxKlan: you insulted my honor
(35:43 / Allies) theworstnewb: fuck you red
(35:51 / Allies) theworstnewb: i fuck your mom in her ass
(35:52 / Allies) afker_tker_bser: your honor is a disgrace
(35:56 / Allies) theworstnewb: then she sucks my dick
(36:09 / All) KuK1uxKlan: I won't stand idly by as my honor is insulted!
(36:21 / All) afker_tker_bser: you are a jew
(36:23 / All) afker_tker_bser: u are no KKK
(36:24 / Allies) theworstnewb: i smear your moms shit on her upper lip with the tip of my dick
(36:30 / All) afker_tker_bser: i only obey hitler
(36:32 / Allies) KBilly: red, give me a break
(36:33 / Allies) theworstnewb: after i fuck her in the ass
(36:33 / All) afker_tker_bser: kill jews and niggers
(36:44 / Allies) KuK1uxKlan: Apologize, KBilly
(36:48 / Allies) KBilly: for what?
(36:55 / Allies) KuK1uxKlan: Insulting my honor
(37:08 / Allies) KBilly: I made no comments about you whatsoever.
(37:13 / Allies) KuK1uxKlan: You motherfucked me!
(37:21 / All) afker_tker_bser: FUCK
(37:21 / All) afker_tker_bser: U
(37:22 / All) GRANGER.LANGER: i dunt like kbilly
(37:52 / All) KBilly: why not?
(38:50 / Allies) afker_tker_bser: u are a jew in disguise
(38:53 / Allies) afker_tker_bser: i should have ended you
(38:59 / Allies) KuK1uxKlan: KBilly
(39:05 / Allies) KuK1uxKlan: Disavow your association with green
(39:10 / Allies) KuK1uxKlan: and I may allow you to taste victory
(39:20 / Allies) afker_tker_bser: kbilly dont do it
(39:22 / All) KBilly: I've never met green. I don't know green. he can eat me.
(39:33 / All) KuK1uxKlan: Call green at least 3 creative insults
(39:35 / Allies) afker_tker_bser: in disguise
(39:47 / All) afker_tker_bser: KILL NIGGERS AND JEWS
(39:51 / All) afker_tker_bser: RED IS A JEW IN DISGUISE
(39:55 / All) afker_tker_bser: HE IS NO KK
(41:37 / All) GRANGER.LANGER: i know
(42:35 / All) GRANGER.LANGER: get a clue its over nigga
(43:00 / All) afker_tker_bser: i will remember your names
(43:04 / Allies) KuK1uxKlan: KBilly I'm still waiting for you to call green 3 creative vitriolic insults
(43:07 / All) afker_tker_bser: expect to get backstabb for life
(43:17 / Allies) KuK1uxKlan: Otherwice you confirm that you are associates
(43:35 / All) afker_tker_bser: he will not dishonor his blood
(44:37 / All) GRANGER.LANGER: red > kbilly and green
(45:08 / All) KBilly: Unbelievable...
(45:10 / All) KBilly: what a noob
(45:11 / Allies) KuK1uxKlan: I knew you were working in collusion wtih green
(45:40 / All) KuK1uxKlan: KBilly is a crypto jew!
(45:45 / All) KuK1uxKlan: and green is his pet simian!
(45:46 / All) afker_tker_bser: FUCK NO
(45:48 / All) GRANGER.LANGER: u do know us kbilly
(45:51 / All) afker_tker_bser: I AM HITLER
(45:53 / All) GRANGER.LANGER: we did the same thing yrs ago
(45:59 / All) GRANGER.LANGER: nvm
(46:00 / All) afker_tker_bser: KILL NIGGERS AND JEWS
(46:01 / All) GRANGER.LANGER: im mistaken
(46:12 / All) GRANGER.LANGER: red is a tking nigger
(46:12 / Allies) afker_tker_bser: RED I WILL SERIOUSLY STAB YOU
(46:18 / All) KuK1uxKlan: KBILLY
(46:24 / All) KuK1uxKlan: DISAVOW YOUR ASSOCIATION OF GREEN
(46:26 / All) afker_tker_bser: AND OJ WILL GET STABBED TOO
(46:27 / All) KuK1uxKlan: INSULT HIM TO THE CORE
(46:36 / All) KuK1uxKlan: OR FACE ULTIMATE DESTRUCTION!
(47:13 / All) KuK1uxKlan: I give you 20 seconds!
(48:02 / Allies) KBilly: stop tking
(48:05 / Allies) KBilly: jesus
(48:13 / Allies) KuK1uxKlan: Read the chat, crypto jew!
(48:20 / All) afker_tker_bser: FUCK U
(48:22 / All) afker_tker_bser: HE IS NO JEW
(48:32 / All) afker_tker_bser: U ARE THE JWE
(48:40 / All) GRANGER.LANGER: biatch
(48:48 / Allies) KuK1uxKlan: This is your final chance
(48:50 / All) KBilly: I'm a biatch because red tked me?
(48:59 / Allies) KuK1uxKlan: Disavow your association with the negro known as "green"
(49:00 / Allies) KBilly: just can we win please?
(49:07 / All) GRANGER.LANGER: the game is over retard
(49:09 / All) GRANGER.LANGER: get a clue
(49:11 / All) GRANGER.LANGER: i won this
(49:11 / Allies) KuK1uxKlan: and insult him thrice with creative barbs!
(49:12 / Allies) KBilly: I disavow green. I do not know green.
(49:21 / Allies) KBilly: green is an oblivious turd
(49:23 / Allies) KuK1uxKlan: Insult him three times with creative barbs!
(49:26 / Allies) KBilly: 2. Green's mother sleeps with dogs.
(49:35 / Allies) KBilly: 3. Greens father is a hampster.
(49:37 / Allies) KBilly: happy?
(49:44 / Allies) KuK1uxKlan: Those were OKAY
(49:50 / Allies) KuK1uxKlan: I will remain neutral for 10 minutes
(51:57 / All) GRANGER.LANGER: god
(54:21 / Allies) KBilly: red, I did as you asked.
(54:25 / Allies) KBilly: so please stop tking me
(54:34 / Allies) KuK1uxKlan: Those were terrorists
(54:40 / Allies) KBilly: don't be a jerk
(55:03 / Allies) KuK1uxKlan: I have 99% approval rating of my people, but there's still malcontent sections
(55:05 / Allies) KuK1uxKlan: of society
(57:54 / Allies) KuK1uxKlan: that certainly is a tough cookie to crack!
(58:01 / Allies) KBilly: we're not even trying
(58:13 / Allies) KBilly: you guys are just playing
(58:23 / Allies) KuK1uxKlan: Yes, playing the game of Warcraft 3!
(58:25 / Allies) KBilly: and oj has resurrected the others
(58:43 / Allies) KuK1uxKlan: Why are you speaking cryptically, crypto jew?
(58:51 / Allies) KBilly: I'm not being crypitcs.
(58:55 / Allies) KBilly: I'm being very plain.
(58:57 / All) KuK1uxKlan: If you don't start none, won't be none
(58:59 / Allies) KBilly: You are not trying to win.
(59:03 / All) KuK1uxKlan: I'd advise you to leave my lands!
(59:28 / All) KBilly: This is a bad joke.
(59:44 / Allies) KuK1uxKlan: Pay a nice compliment and I'll kill that mk
(59:52 / Allies) KBilly: You have a huge cock.
(60:59 / Allies) KBilly: can we please win red?
(61:01 / Allies) KBilly: I'll be your friend.
(61:45 / Allies) KuK1uxKlan: Pay me a compliment and I shall not destroy any of your nice things for 10 minutes
(62:00 / All) KBilly: Red is my hero. He is so tall and handsome.
(65:08 / Allies) KuK1uxKlan: Who do you plan to vote for KBilly?
(65:20 / All) KBilly: I'm voting for red
(65:34 / All) KuK1uxKlan: that's certainly a very nice thought
(65:53 / All) KBilly: I'm a nice guy
(65:56 / All) KuK1uxKlan: But I meant in the upcoming 2016 election, or party nominations
(66:08 / All) KBilly: Voting for red. Write in candidate.
(66:16 / All) KBilly: send me your real name and I'll do it. Promise.
(66:26 / All) KuK1uxKlan: Jacob Campbell
(66:31 / All) GRANGER.LANGER: lol
(66:35 / All) KBilly: Address?
(66:41 / All) KuK1uxKlan: California
(67:34 / Allies) KuK1uxKlan: Pay me a nice compliment and I will bestow a monetary gift
(67:53 / All) KBilly: Red is as wise as he is hung. He will certainly win.
(68:32 / All) KBilly: Red gets all the bitches.
(68:37 / All) KBilly: red actually fucked your mother.
(68:52 / All) KBilly: Red is our leader
(68:55 / All) KBilly: All hail red.
(69:07 / All) KBilly: only red can save myi base
(69:11 / All) KBilly: from the orange onslaught
(70:38 / All) KBilly: red could own orange any time red wanted to
(70:44 / All) KuK1uxKlan: Indeed
(70:45 / All) KBilly: orange is pitiful, compared to red
(70:49 / All) KuK1uxKlan: Too true
(70:52 / All) KBilly: All hail red.
(70:56 / All) KuK1uxKlan: Thank you
(71:07 / All) GRANGER.LANGER: i am disappointed in u kbilly
(71:23 / All) KBilly: Now let's win please, red, with your supreme abilities.
(71:32 / All) KuK1uxKlan: In all due time
(72:31 / All) KBilly: Show me how hard you can own, Red, Glorious Leader.
(73:45 / All) KBilly: Red has drained every mine on the map, just like he drained his load on OJ's mom's face.
(76:39 / All) KBilly: what is our goal here red?
(76:50 / All) KuK1uxKlan: The complete annihilation of all enemy forces
(82:03 / All) KBilly: I wish I were more like red.
(82:07 / All) KBilly: Then maybe I could win.
(82:21 / All) KuK1uxKlan: Not everyone can be perfect
(82:26 / All) KuK1uxKlan: Otherwise it wouldn't be special
(84:29 / All) KBilly: Red has more dragons than Daenarys Targaryen.
(86:32 / Allies) KuK1uxKlan: Twice as many
(86:50 / All) KBilly: Red is going to rule the Seven Kingdoms.
(87:39 / All) KBilly: May I kill oj please red?
(90:20 / All) GRANGER.LANGER: i lost respect for u , kbilly
(90:25 / All) KBilly: For me?
(90:30 / All) GRANGER.LANGER: ya
(90:38 / All) KBilly: don'tlie. You never had respect for me
(91:37 / All) GRANGER.LANGER: (73:50 / All) KBilly: Red's dick is bigger than my dick.
(91:53 / All) GRANGER.LANGER: 78:50 / All) KBilly: His grace has no peers insofar as slippers go
(92:36 / All) GRANGER.LANGER: dont u remember that chat kiblly
(92:38 / All) GRANGER.LANGER: 78:50 / All) KBilly: His grace has no peers insofar as slippers go
(93:08 / All) GRANGER.LANGER: wasnt that long ago
(93:11 / All) GRANGER.LANGER: jan 2015
(93:22 / All) KBilly: What are you on about?
(98:48 / All) KBilly: why red?
(98:52 / All) KBilly: i have been good to you?
(99:01 / Allies) KuK1uxKlan: You've been slacking on the compliments
(99:20 / Allies) KuK1uxKlan: I need lots of compliments and praise or else I get cranky
(101:15 / All) KBilly: Red is so great
(101:23 / All) KBilly: OJ should just quit to give Red the win.
(102:46 / All) KBilly: All praise to red, for allowing me to live.
(103:35 / All) KBilly: Everyone loves Red.
(103:40 / All) KBilly: He is incredibly popular.
(104:13 / All) KBilly: Red now literally has all the gold.
(109:21 / All) KBilly: Red is amazing.
(109:26 / All) KBilly: We should all be more like red.
(112:35 / All) KBilly: all love red!
(112:49 / All) KBilly: red the great leader!
(113:04 / Allies) KuK1uxKlan: That was not nice, KBilly
(113:11 / Allies) KuK1uxKlan: I was going to clear trees with those
(113:13 / All) KBilly: I killed the terrorists!
(114:50 / All) KBilly: RED IS OUR TGREAT LEADER!
(115:19 / All) KBilly: Now I am literally dead.
(115:19 / Allies) KuK1uxKlan: You murdered the insurgents
(115:24 / Allies) KuK1uxKlan: That was not nice
(115:27 / Allies) KuK1uxKlan: They were freedom fighters
(115:29 / All) KBilly: Now that Red Tked me, there is nothing I can do.
(115:44 / All) KBilly: So this is a draw, unless Red wants to win.
(116:18 / All) KBilly: What's the plan, red?
(116:27 / All) KuK1uxKlan: I haven't decided, I'm still reeling from your betrayal against the Kakabakak freedom fighters
(116:44 / All) KBilly: They were tking my demolishers!
(116:49 / All) KBilly: You would have done the same.
(116:59 / All) KBilly: you do not tolerate for your golorious units to be destroyed.
(117:13 / Allies) KuK1uxKlan: They were sent to clear the forest so that your assault could press forward
(118:54 / All) KBilly: What do you want to do Red, besides test how long I'll wait in this game?
(119:18 / All) KBilly: I give a gift to Glorious Red.
(121:25 / All) KBilly: Glorious red did not return the gift.... :(
(121:30 / All) KBilly: He doesn't want me to rebuild.
(126:21 / All) KBilly: Glorious leader is owning me now
(126:23 / All) KBilly: Tking my base.
(126:25 / All) KBilly: :(
(127:20 / All) KBilly: red, you know I can't do anything with that money, right?
(127:30 / All) KuK1uxKlan: Tragic
(127:44 / All) KBilly: This was your goal?
(128:04 / All) KuK1uxKlan: I haven't decided my goal, I like to take each moment as it comes
(140:04 / All) KuK1uxKlan: KBilly are you there?
(140:37 / All) KBilly: Of course
(140:43 / All) KuK1uxKlan: I demand that you pay me 100 nice and serious compliments within the next 15
(140:45 / All) KuK1uxKlan: minutes
(140:48 / All) KuK1uxKlan: and number them
(140:49 / All) KBilly: I'm here to follow my Glorious leader.
(140:55 / All) KuK1uxKlan: or else I will destroy our last building
(141:09 / All) KBilly: How about you suck my cock instead?
(141:19 / All) KuK1uxKlan: Hmmph!
(141:26 / All) KuK1uxKlan: Now that was quite uncalled for!
(141:31 / All) KuK1uxKlan: I guess you want to lose, is that it?
(141:39 / All) KuK1uxKlan: Well I can certainly make that happen
(141:42 / All) KBilly: I love to lose, andsodo you.
(141:58 / All) KuK1uxKlan: If you pay me 250 numbered compliments in 20 minutes
(142:06 / All) KuK1uxKlan: I will destroy his buildings there
(142:40 / All) KBilly: You are a rotten fucker. You do what you want.
(143:00 / All) KuK1uxKlan: You are the one that is forcing my hand
(143:05 / All) KuK1uxKlan: I want to win, I really do
(143:10 / All) KuK1uxKlan: But you are an ingrate
(143:12 / All) KBilly: You're a liar.
(143:13 / All) KuK1uxKlan: Beyond insolent
(143:18 / All) KBilly: everything you say is a lie.
(143:25 / All) KuK1uxKlan: That's not true
(143:31 / All) KBilly: So you can eat my shit.
(143:38 / All) KBilly: Lying sack of crap.
(143:39 / All) KuK1uxKlan: If you paid me 250 numbered compliments I will destroy his buildings by my dragons
(143:54 / All) KBilly: Not going to happen.
(144:01 / All) KBilly: I don't compliment shithead liars.
(144:11 / All) KuK1uxKlan: Then leave, so I can get the victory
(144:16 / All) KuK1uxKlan: No sense in both of us losing
(144:17 / All) KBilly: Fuck you.
(144:29 / All) KBilly: You don't get to tell me shit.
(144:40 / All) KuK1uxKlan: You are jerk, plain and simple!
(144:46 / All) KuK1uxKlan: You're just plumb rude!
(144:52 / All) KuK1uxKlan: You're selfish you know that?
(144:57 / All) GRANGER.LANGER: holy shit wut happened billy
(145:11 / All) KuK1uxKlan: Billy is being selfish
(145:12 / All) KuK1uxKlan: And lazy
(145:24 / All) KuK1uxKlan: He thinks the whole world revolves around him
(145:38 / All) KuK1uxKlan: When even the dumbest child or retard knows it revolves around me
(146:34 / All) GRANGER.LANGER: wow
(146:40 / All) GRANGER.LANGER: thats a godly army
(146:43 / All) GRANGER.LANGER: a divine army
(147:30 / All) GRANGER.LANGER: billy, if ur mad at red, im sorry
(147:33 / All) GRANGER.LANGER: but u shouldnt be mad at me
(149:04 / All) KBilly: Why not?
(149:14 / All) GRANGER.LANGER: im innocent
(149:27 / All) KBilly: How do you figure?
(149:40 / All) KuK1uxKlan: He beat you in a fair match
(149:42 / All) KBilly: Oj might legitwin now.
(149:51 / All) KBilly: OJ's hero is strongerthan red'shero.
(149:52 / All) KuK1uxKlan: Impossible!
(150:24 / All) KBilly: Are you both in the same room?
(150:43 / All) KuK1uxKlan: I'm in my mother's basement, and there's nobody else here
(150:45 / All) KuK1uxKlan: So no
(151:32 / All) GRANGER.LANGER: how much gold does red have
(151:47 / All) KBilly: 4365
(151:58 / All) KuK1uxKlan: Billy robbed my coffers
(152:01 / All) KBilly: I have another 20k.
(152:14 / All) KBilly: But it's all useless.
(152:21 / All) KBilly: red killed allthe workers and mains.
(152:56 / All) KuK1uxKlan: Not so tough afterall!
(153:00 / All) KuK1uxKlan: FOFOFOFOFOFOFO
(154:02 / All) KuK1uxKlan: It's up to you now billy
(154:11 / All) KuK1uxKlan: 250 numbered compliments in 20 minutes
(154:18 / All) KuK1uxKlan: Or else that last tower bites the dust
(154:37 / All) KuK1uxKlan: I will destroy his burrow if you pay me the 250 compliments
(156:43 / All) KuK1uxKlan: Well... I guess Billy wants to play hardball
(156:48 / All) KuK1uxKlan: Wants to give me the silent treatment
(156:49 / All) KuK1uxKlan: Fine!
(156:55 / All) KuK1uxKlan: I'll show him I mean business
(157:03 / All) KuK1uxKlan: It didn't have to end like this Billy, but you forced my hand!
(157:13 / All) KuK1uxKlan: I wanted to win, but I can't allow an ingrate to leech my great victory
(157:21 / All) KuK1uxKlan: So now that's that! GOODBYE CRUEL WORLD